 Dungeon Crawl Stone Soup version 0.18.1-50-g88ac8fd (console) character file.

70 Goblin1989 the Firebug (level 4, 28/30 HPs)
             Began as a Demonspawn Fire Elementalist on Sept 20, 2016.
             Quit the game on level 2 of the Dungeon.
             The game lasted 00:14:38 (2383 turns).

Goblin1989 the Firebug (DsFE)                       Turns: 2383, Time: 00:14:39

Health: 28/30      AC:  3    Str:  9    XL:     4   Next: 3%
Magic:  4/7        EV: 12    Int: 17    God:
Gold:   43         SH:  0    Dex: 13    Spells: 2 memorised, 3 levels left

rFire  . . .     SeeInvis .     n - +0 dagger
rCold  . . .     Gourm    .     a - +0 robe
rNeg   + . .     Faith    .     (no shield)
rPois  .         Spirit   .     (no helmet)
rElec  .         Dismiss  .     (no cloak)
rCorr  .         Reflect  .     (no gloves)
SustAt .         Harm     .     (no boots)
MR     .....                    (no amulet)
Stlth  ++........               (no ring)
                                h - ring of positive energy

@: not resistant to hostile enchantments, unstealthy
A: rugged brown scales 1, demonic guardian 1
a: no special abilities


You were on level 2 of the Dungeon.
You were hungry.

You visited 1 branch of the dungeon, and saw 3 of its levels.

You collected 43 gold pieces.

Inventory:

Hand Weapons
 n - a +0 dagger (weapon)
Armour
 a - a +0 robe (worn)
Jewellery
 h - a ring of positive energy (left hand)
Scrolls
 d - 3 scrolls of remove curse {unknown}
 e - a scroll of blinking {unknown}
 g - 2 scrolls of identify {unknown}
Potions
 f - a potion of curing {unknown}
 i - a potion of agility {unknown}
 j - a potion of heal wounds {unknown}
 k - 2 potions of degeneration {unknown}
 l - a potion of magic {unknown}
 o - a potion of brilliance {unknown}
Books
 b - a book of Flames

   Spells                             Type                      Level
   a - Flame Tongue                   Conjuration/Fire             1
   b - Throw Flame                    Conjuration/Fire             2
   c - Conjure Flame                  Conjuration/Fire             3
   d - Inner Flame                    Hexes/Fire                   3
   e - Sticky Flame                   Conjuration/Fire             4
   f - Fireball                       Conjuration/Fire             5
Comestibles
 c - a bread ration
 m - a meat ration


   Skills:
 - Level 1.7 Dodging
 - Level 1.7 Stealth
 + Level 2.3 Spellcasting
 * Level 2.2 Conjurations
 * Level 3.7 Fire Magic


You had 3 spell levels left.
You knew the following spells:

 Your Spells              Type           Power        Failure   Level  Hunger
a - Flame Tongue          Conj/Fire      ##...        6%          1    #......
j - Conjure Flame         Conj/Fire      ##......     17%         3    ###....


Dungeon Overview and Level Annotations

Branches:
Dungeon (3/15)

Altars:
Ru


Innate Abilities, Weirdness & Mutations

You are partially covered in rugged brown scales (AC +1, +3% HP).
A weak demonic guardian rushes to your aid.


Message History

Confirm with . or Enter, or press ? or * to list all spells.
Aiming: Flame Tongue
Press: ? - help, Shift-Dir - straight line, f - dart slug
Aim: a dart slug The flame tongue hits the dart slug.
The dart slug is heavily wounded.
You now have 5/6 mp.
Casting: Flame Tongue
Confirm with . or Enter, or press ? or * to list all spells.
Aiming: Flame Tongue
Press: ? - help, Shift-Dir - straight line, f/p - dart slug
Aim: a dart slug (heavily wounded, clinging)
The flame tongue hits the dart slug.
You kill the dart slug!
You have reached level 4!
You feel stronger.
Your demonic ancestry asserts itself...
You feel the presence of a demonic guardian.
You regained 6 hp, and now have 28/30 hp.
You now have 4/7 mp.
Are you sure you want to abandon this character and quit the game? (Confirm with "yes".) ਜਜ ਜਜਜਜਜਜਜਜਜ

ਜ. ........ਜ ਜ. ਜਜਜਜਜਜਜਜ.ਜ ਜ.
ਜਜਜਜ...ਜਜਜਜ.ਜਜਜਜ ਜ.
ਜ..............ਜ
ਜਜ.ਜਜਜਜਜਜਜਜਜ........ਜਜਜਜਜ<ਜ ਜ
.....................ਜ ਜ.ਜ ਜ
ਜਜ..ਜਜਜਜਜਜਜਜਜ.†.@....ਜਜਜਜ.ਜਜਜਜਜਜਜ
ਜਜ..ਜਜਜ ਜਜਜ..>ਜਜ.....).......
ਜ.....ਜ ਜ...ਜਜਜਜਜਜਜ........
ਜ.....ਜਜਜਜਜਜਜ ਜਜ.ਜਜ


ਜਜਜਜਜਜਜਜਜ ਜ.w.........ਜ ਜ.ਜ ਜਜਜਜਜਜ ਜ..w.....ਜਜ.ਜ ਜ.ਜ ...... ਜ......÷...ਜ.ਜਜਜ.ਜ
ਜਜਜਜਜਜ ..ਜ.ਜ.....ਜਜਜ....ਜ ...........ਜ.ਜਜਜ.ਜ ਜਜ There were no monsters in sight!

Vanquished Creatures
  2 adders (D:2)
  2 dart slugs
  2 worms (D:2)
  3 giant geckos (D:1)
  7 bats
  2 giant cockroaches
  4 goblins
  4 hobgoblins
  6 kobolds (D:1)
  A ball python (D:1)
  A giant newt (D:1)
  7 rats
41 creatures vanquished.

Notes
Turn   | Place    | Note
--------------------------------------------------------------
     0 | D:1      | Goblin1989 the Demonspawn Fire Elementalist began the quest for the Orb.
     0 | D:1      | Reached XP level 1. HP: 13/13 MP: 3/3
   261 | D:1      | Reached skill level 3 in Fire Magic
   308 | D:1      | Gained mutation: You are partially covered in rugged brown scales (AC +1, +3% HP). [demonic ancestry]
   308 | D:1      | Reached XP level 2. HP: 10/19 MP: 0/5
  1299 | D:1      | Reached XP level 3. HP: 24/24 MP: 4/6
  1817 | D:2      | Learned a level 3 spell: Conjure Flame
  1919 | D:2      | Found a sacrificial altar of Ru.
  2382 | D:2      | Gained mutation: A weak demonic guardian rushes to your aid. [demonic ancestry]
  2382 | D:2      | Reached XP level 4. HP: 28/30 MP: 4/7
  2383 | D:2      | Quit the game

Skill      XL: |  1  2  3 |
---------------+----------+-----
Fire Magic     | 3 |  3.7
Conjurations   | 2 |  2.2
Dodging        | |  1.7
Stealth        | |  1.7
Spellcasting   | |  2.3

Action                   |  1- 3 |  4- 6 || total
-------------------------+-------+-------++-------
 Cast: Flame Tongue      |    88 |     1 ||    89
  Eat: Chunk             |     5 |       ||     5
Armor: Robe              |     8 |       ||     8
Dodge: Dodged            |    29 |       ||    29

Vault maps used:
D:1:      lightli_molten_gateway, minmay_quantized
D:2:      lemuel_crystal_altar, nicolae_ru_awakened_eye, ecumenical_altar_2
D:3:      bloody_trog, tgw_sif, first_bread, due_unseen_surprise
